 Dungeon Crawl Stone Soup version 0.32-a0-558-g233958a (webtiles) character file.

Game seed: 5112896931115207154

2030689 sdynet the Blood Saint (level 26, 293/293 HPs)
             Began as a Demonspawn Gladiator on Feb 27, 2024.
             Was the Champion of Beogh.
             Escaped with the Orb
             ... and 3 runes
             ... and 1 gem on Feb 29, 2024!
             The game lasted 03:58:10 (51751 turns).

sdynet the Blood Saint (Demonspawn Gladiator)      Turns: 51751, Time: 03:58:10

Health: 293/293    AC: 26    Str: 15    XL:     26   Next: 1%
Magic:  13/13      EV: 32    Int: 15    God:    Beogh [******]
Gold:   3515       SH: 21    Dex: 25    Spells: 26/31 levels left

rFire   + . .        b - +9 quick blade (antimagic)
rCold   + + +        G - +5 kite shield {reflect}
rNeg    + + +        (body armour currently unavailable)
rPois   ∞            T - -2 hat of the Alchemist {rElec rPois rF+ rC+ rN+ Will+ rMut rCorr}
rElec   +            p - scarf "Vonwetoe" {shadows, rN+ Regen+ Str-2 SInv}
rCorr   +            (gloves currently unavailable)
SInv    +            (boots unavailable)
Will    ++++.        f - amulet "Wiek" {Faith rC++ Int+3 Slay+2}
Stlth   ++           L - +4 ring of slaying
HPRegen 3.48/turn    i - ring "Vaure" {rN+ Will+ Int+4}
MPRegen 0.13/turn

%: repel missiles, reflection, resist mutation, faith
@: statue-form, studying Stealth, very slow
A: slow and powerful, torment resistance 1, boosted hp, walk on water, hooves 3,
repulsion field 3, powered by death 3, spiny 3, torment resistance 1, demonic
willpower
0: Orb of Zot
}: 3/15 runes: barnacled, silver, gossamer
a: Begin Untransformation, Renounce Religion, Smiting, Recall Apostles, Blood
for Blood, Dismiss Bogric, warrior, Dismiss Orkwin, warrior, Dismiss Borgoth,
wizard


You escaped.
You worshipped Beogh.
Beogh was exalted by your worship.
You were a living statue of rough stone.
You visited 10 branches of the dungeon, and saw 48 of its levels.
You visited the Abyss 1 time.
You visited 1 bazaar.
You also visited: Ossuary and Bailey.

You collected 8878 gold pieces.
You spent 5363 gold pieces at shops.

Inventory:

Hand Weapons
 a - the +9 quick blade of an ossuary {freeze, rN++ Will+}
   (You bought it in a shop on level 7 of the Dungeon)

   rN++:      It greatly protects you from negative energy.
   Will+:     It increases your willpower.
 b - a +9 antimagic quick blade (weapon)
Missiles
 d - 7 throwing nets
 e - 14 javelins
 E - 7 silver javelins
 R - 3 atropa-tipped darts
 W - 32 boomerangs
 Y - 4 curare-tipped darts
 Z - 45 poisoned darts
Armour
 p - the scarf "Vonwetoe" (worn) {shadows, rN+ Regen+ Str-2 SInv}
   (You acquired it in a bazaar)

   Str-2:     It affects your strength (-2).
   rN+:       It protects you from negative energy.
   SInv:      It lets you see invisible.
   Regen+:    It increases your rate of health regeneration.
 G - a +5 kite shield of reflection (worn)
 T - the -2 hat of the Alchemist (worn) {rElec rPois rF+ rC+ rN+ Will+ rMut rCorr}
   (You bought it in a shop on level 1 of the Vaults)

   rF+:       It protects you from fire.
   rC+:       It protects you from cold.
   rElec:     It insulates you from electricity.
   rPois:     It protects you from poison rN+: It protects you from negative
   energy.
   Will+:     It increases your willpower.
   rCorr:     It protects you from acid and corrosion.
   rMut:      It protects you from mutation.
Jewellery
 f - the amulet "Wiek" (around neck) {Faith rC++ Int+3 Slay+2}
   (You bought it in a shop on level 2 of the Orcish Mines)

   [amulet of faith]

   Faith:     It allows you to gain divine favour quickly.
   Int+3:     It affects your intelligence (+3).
   Slay+2:    It affects your accuracy & damage with ranged weapons and melee
   (+2).
   rC++:      It greatly protects you from cold.
 i - the ring "Vaure" (right fist) {rN+ Will+ Int+4}
   (You found it on level 2 of the Shoals)

   [ring of positive energy]

   Int+4:     It affects your intelligence (+4).
   rN+:       It protects you from negative energy.
   Will+:     It increases your willpower.
 L - a +4 ring of slaying (left fist)
 V - the ring "Jiowuk" {Fly MP+9 Int+6}
   (You found it on level 5 of the Vaults)

   [ring of flight]

   Int+6:     It affects your intelligence (+6).
   MP+9:      It affects your magic capacity (+9).
   Fly:       It grants you flight.
Talismans
 x - a granite talisman (active)
Wands
 r - a wand of roots (17)
 u - a wand of digging (16)
 K - a wand of acid (25) (quivered)
 X - a wand of mindburst (22)
Scrolls
 j - 23 scrolls of teleportation {!r}
 k - 6 scrolls of immolation
 l - 2 scrolls of poison
 o - 2 scrolls of fog {!r}
 q - 9 scrolls of fear {!r}
 s - 8 scrolls of vulnerability
 y - a scroll of revelation {!r}
 D - 2 scrolls of summoning {!r}
 J - 4 scrolls of silence {!r}
 N - 7 scrolls of blinking
Potions
 c - 3 potions of mutation
 h - 3 potions of cancellation {!q}
 m - 6 potions of attraction
 n - 5 potions of enlightenment {!q!q}
 t - 16 potions of curing {!q}
 v - 5 potions of resistance {!q}
 w - 4 potions of berserk rage {!q}
 A - 5 potions of might {!q}
 B - 5 potions of haste {!q}
 F - a potion of invisibility {!q}
 O - 9 potions of heal wounds {!q}
 P - 9 potions of ambrosia {!q}
 Q - 4 potions of lignification {!q}
Miscellaneous
 g - a phantom mirror (inert)
 z - a lightning rod (4/4)
 M - a sack of spiders
 S - a condenser vane


   Skills:
 + Level 22.4 Fighting
 - Level 16.0 Short Blades
 - Level 6.0 Throwing
 + Level 17.7 Dodging
 - Level 9.0 Stealth
 + Level 16.2 Shields
 - Level 3.0 Spellcasting
 - Level 3.0 Translocations
 O Level 27 Invocations
 - Level 1.0 Evocations
 + Level 17.5 Shapeshifting


You had 26 spell levels left.
You knew the following spells:

 Your Spells              Type           Power      Damage    Failure   Level
a - Lesser Beckoning      Tloc           22%        N/A       14%         2
q - Blink                 Tloc           22%        N/A       14%         2
A - Apportation           Tloc           22%        N/A       10%         1

Your spell library contained the following spells:

 Spells                   Type           Power      Damage    Failure   Level
 Momentum Strike          Conj/Tloc      12%        3d8       26%         2
 Gell's Gravitas          Tloc           11%        N/A       28%         3
 Teleport Other           Tloc           11%        N/A       28%         3
 Freeze                   Ice            8%         1d3       32%         1
 Kiss of Death            Conj/Necr      8%         2d6       32%         1
 Magic Dart               Conj           8%         1d3       32%         1
 Necrotise                Necr           8%         1d4       32%         1
 Sting                    Conj/Alch      8%         1d3       32%         1
 Summon Small Mammal      Summ           8%         N/A       32%         1
 Call Imp                 Summ           4%         N/A       45%         2
 Cigotuvi's Dreadful Rot  Necr/Alch/Air  4%         N/A       45%         2
 Ensorcelled Hibernation  Hex/Ice        4%         N/A       45%         2
 Jinxbite                 Hex            4%         N/A       45%         2
 Searing Ray              Conj           4%         2d4       45%         2
 Static Discharge         Conj/Air       4%         3-4/arc   45%         2
 Manifold Assault         Tloc           11%        N/A       67%         4
 Confusing Touch          Hex            2%         N/A       69%         3
 Dazzling Flash           Conj/Hex       4%         N/A       69%         3
 Frozen Ramparts          Ice            4%         1d1       69%         3
 Fugue of the Fallen      Necr           2%         N/A       69%         3
 Hailstorm                Conj/Ice       2%         3d5       69%         3
 Inner Flame              Hex/Fire       2%         N/A       69%         3
 Ozocubu's Armour         Ice            2%         N/A       69%         3
 Stone Arrow              Conj/Erth      4%         3d7       69%         3
 Summon Ice Beast         Ice/Summ       2%         N/A       69%         3
 Tukima's Dance           Hex            2%         N/A       69%         3
 Vampiric Draining        Necr           2%         2d6       69%         3
 Dimensional Bullseye     Hex/Tloc       3%         N/A       87%         4
 Iskenderun's Mystic Bla  Conj/Tloc      6%         2d4       87%         4
 Airstrike                Air            1%         2d(1-17)  97%         4
 Anguish                  Hex/Necr       1%         N/A       97%         4
 Animate Dead             Necr           2%         N/A       97%         4
 Cause Fear               Hex            1%         N/A       97%         4
 Dispel Undead            Necr           2%         3d7       97%         4
 Fulminant Prism          Conj/Alch      1%         3d5       97%         4
 Leda's Liquefaction      Alch/Erth      1%         N/A       97%         4
 Martyr's Knell           Necr/Summ      2%         N/A       97%         4
 Olgreb's Toxic Radiance  Alch           2%         N/A       97%         4
 Petrify                  Alch/Erth      2%         N/A       97%         4
 Sticky Flame             Fire/Alch      2%         2d4       97%         4
 Summon Lightning Spire   Summ/Air       2%         N/A       97%         4
 Summon Forest            Summ/Tloc      3%         N/A       99%         5
 Alistair's Intoxication  Alch           1%         N/A       100%        5
 Borgnjor's Vile Clutch   Necr/Erth      1%         N/A       100%        5
 Curse of Agony           Necr           2%         N/A       100%        5
 Freezing Cloud           Conj/Ice/Air   1%         6-21      100%        5
 Iskenderun's Battlesphe  Conj           2%         2d6       100%        5
 Lee's Rapid Deconstruct  Erth           1%         3d4*      100%        5
 Metabolic Englaciation   Hex/Ice        1%         N/A       100%        5
 Silence                  Hex/Air        1%         N/A       100%        5
 Summon Mana Viper        Hex/Summ       2%         N/A       100%        5
 Yara's Violent Unravell  Hex/Alch       1%         3d3       100%        5
 Bombard                  Conj/Erth      1%         9d1       100%        6
 Conjure Ball Lightning   Conj/Air       1%         3x3d6     100%        6
 Death Channel            Necr           1%         N/A       100%        6
 Dispersal                Tloc           5%         N/A       100%        6
 Eringya's Noxious Bog    Alch           1%         4d6       100%        6
 Sculpt Simulacrum        Ice/Alch       1%         N/A       100%        6
 Enfeeble                 Hex            1%         N/A       100%        7
 Haunt                    Necr/Summ      1%         N/A       100%        7
 Malign Gateway           Summ/Tloc      3%         N/A       100%        7
 Monstrous Menagerie      Summ           1%         N/A       100%        7
 Orb of Destruction       Conj           1%         9d5       100%        7
 Spellforged Servitor     Conj/Summ      1%         N/A       100%        7
 Summon Hydra             Summ           1%         N/A       100%        7
 Discord                  Hex            1%         N/A       100%        8
 Disjunction              Tloc           5%         N/A       100%        8
 Infestation              Necr           1%         N/A       100%        8
 Summon Horrible Things   Summ           1%         N/A       100%        8
 Sublimation of Blood     Necr           Unusable   N/A       N/A         2

Dungeon Overview and Level Annotations

Branches:
Dungeon (15/15)            Temple (1/1) D:7            Lair (5/5) D:9
 Shoals (4/4) Lair:3       Spider (4/4) Lair:3        Slime (0/5) Lair:4
    Orc (2/2) D:10            Elf (3/3) Orc:2        Vaults (5/5) D:13
  Crypt (0/3) Vaults:2     Depths (4/4) D:15            Zot (5/5) Depths:4
Ossuary (visited)          Bailey (visited)

Altars:
Ashenzari
Cheibriados
Dithmenos
Fedhas
Gozag
Hepliaklqana
Kikubaaqudgha
Makhleb
Nemelex Xobeh
Okawaru
Qazlal
Ru
Sif Muna
Trog
Uskayaw
Vehumet
Wu Jian
Xom
Yredelemnul
Beogh
Lugonu

Shops:
D:7 *(   D:10 ([   D:11 !   D:12 !   D:13 *[[?*   Orc:2 (:=!   Elf:2 :
Shoals:3 :*   Shoals:4 **   Vaults:1 :[[?*   Vaults:4 =   Vaults:5 !!?
Depths:1 =   Depths:2 (   Depths:4 =:=

Portals:
Hell: Depths:1 Depths:2 Depths:3 Depths:4
Abyss: Depths:2 Depths:3 Depths:4
Pandemonium: Depths:2 Depths:3 Depths:4
Ziggurat: Depths:3


Innate Abilities, Weirdness & Mutations

You are a living statue of rough stone.
Your actions are slow, but your melee attacks are powerful.
You are resistant to unholy torment.
Your maximum health is greatly increased.
Your equipment is partially melded.
You can walk on water.
Your facial features are unmistakably orcish.
You are immune to poison.
You have hooves in place of feet.
You are surrounded by a strong repulsion field. (EV +4, RMsl)
You regenerate a lot of health from kills.
You are completely covered in sharp spines.
You are resistant to unholy torment.
You punish those that try to bend your will. (Will+)


Message History

Your demonic ancestry asserts itself...
Sharp spines emerge from your entire body.
There is a stone staircase leading down here.
You start waiting.
An Orb Guardian comes into view.
You swap places.
Bogric fires a harpoon shot at the Orb Guardian.
The harpoon shot hits the Orb Guardian!
There is a stone staircase leading down here.
Bogric barely misses the Orb Guardian.
No reachable target in view!
No reachable target in view!
The Orb Guardian hits Bogric but does no damage.
Bogric hits the Orb Guardian but does no damage.
The Orb Guardian hits Bogric!!
The Orb Guardian completely misses you.
Bogric hits the Orb Guardian with a +1 triple sword of electrocution.
Lightning courses through the Orb Guardian!
The Orb Guardian is struck by your spines.
The Orb Guardian barely misses you.
Bogric barely misses the Orb Guardian.
You hit the Orb Guardian but do no damage.
You kick the Orb Guardian! You hit the Orb Guardian. You kick the Orb Guardian!
The Orb Guardian is severely wounded.
Bogric is invigorated by your prowess. You block the Orb Guardian's attack.
Bogric hits the Orb Guardian with a +1 triple sword of electrocution!
You puncture the Orb Guardian! Your kick misses the Orb Guardian.
You hit the Orb Guardian but do no damage.
You kick the Orb Guardian.
You kill the Orb Guardian!
Beogh accepts your kill.
Beogh breathes life back into Orkwin and Borgoth.
You swap places.
There is a stone staircase leading down here.
There is a staircase leading out of the dungeon here.
Unknown command.
You are a level 26 Demonspawn Gladiator.
You are 1% of the way to level 27.
Play time: 03:58:00 (51750 turns).
You are forever immune to Zot's power.
Unknown command.
You have escaped!

.#.###.###.#≈≈≈≈≈≈~≈≈≈##
..#....# ##≈≈≈≈≈≈~≈≈≈≈≈##
.###.#####≈≈≈≈≈≈≈~≈≈≈≈≈≈##
## ##.###≈≈≈ß≈≈≈≈≈~≈≈ß≈≈≈#
# ##...≈≈≈≈≈≈≈≈≈≈~≈≈≈≈≈#
## ##.#..≈≈≈≈)..≈≈≈~≈≈≈≈≈#
.###.####.≈≈.≈≈≈.≈≈~≈≈≈≈≈#
#.#.## #≈..≈≈≈≈oo~≈≈≈≈≈≈#
##.## #≈≈≈≈≈≈~Io≈≈≈≈..≈#
### #≈≈≈≈≈~≈≈.≈≈≈.≈≈.##
#≈≈≈≈≈~≈≈≈...≈≈≈≈.#
#≈≈≈≈≈~≈≈≈≈≈≈≈≈≈≈.##
#≈≈≈ß≈≈~≈≈≈≈≈ß≈≈≈..#
##≈≈≈≈≈≈~≈≈≈≈≈≈≈##.# ###
##≈≈≈≈≈~≈≈≈≈≈≈###.# ..#
##≈≈≈~≈≈≈≈≈≈## #.# #.####
##..#####..# #.#


You could see the friendly Bogric the orc apostle, the friendly Borgoth the orc
apostle and the friendly Orkwin the orc apostle.

Vanquished Creatures
  A seraph (D:6)
  4 dread liches
  An ancient lich (Zot:5)
  3 orbs of fire (Zot:5)
  The ghost of Plog the Crack Shot, a legendary FoHu of Dithmenos (Zot:4)
  2 pandemonium lords
  Margery (Vaults:4)
  2 curse toes
  7 golden dragons
  3 electric golems
  4 Tzitzimimeh
  A Hell Sentinel (D:6)
  12 tentacled monstrosities
  A lich (D:13)
  The ghost of dbsdud3269 the Bludgeoner, an adept OnGl of Okawaru (Shoals:3)
  3 quicksilver dragons
  A walking crystal tome (Depths:3)
  18 Orb Guardians
  2 walking earthen tomes (Depths:3)
  2 deep elf master archers (Elf:3)
  2 Executioners
  A kraken (Shoals:3)
  3 sphinxes
  6 death cobs
  The ghost of Caerwyn the Marksgoblin, an adept CoHu of Gozag (Shoals:2)
  Agnes (D:15)
  6 shadow dragons
  Kirke (D:15)
  A tengu reaver (Depths:4)
  9 storm dragons
  Ilsuiw (Shoals:3)
  2 draconian monks
  5 protean progenitors
  3 draconian knights
  An orc apostle (Zot:5)
  2 deep elf sorcerers (Elf:3)
  4 fire giants
  6 frost giants
  13 vault wardens
  An iron dragon (Depths:4)
  4 draconian shifters
  3 draconian scorchers (Zot:3)
  2 deep elf elementalists (Elf:3)
  8 emperor scorpions
  7 ghost moths
  Louise (Shoals:3)
  5 balrugs
  A curse skull (Elf:3)
  A broodmother (Spider:3)
  2 cacodemons
  19 ironbound preservers
  4 draconian stormcallers
  A ghoul (Elf:3)
  2 reapers
  2 spriggan defenders (Depths:3)
  2 formless jellyfish (Vaults:2)
  9 draconian annihilators
  4 stone giants (Vaults:5)
  A vampire knight (Depths:3)
  9 very ugly things
  6 ironbound thunderhulks
  9 deep elf death magi
  3 deep elf demonologists (Elf:3)
  2 war gargoyles (Vaults:5)
  7 dire elephants
  A black draconian (Zot:3)
  5 red draconians
  5 deep elf annihilators (Elf:3)
  5 white draconians
  Nessos (D:15)
  3 bunyips (Zot:5)
  Azrael (Elf:1)
  5 spark wasps
  A green death (Depths:4)
  7 purple draconians
  9 yellow draconians
  8 ettins
  4 merfolk impalers
  5 merfolk javelineers
  3 blizzard demons
  A fire dragon (Depths:3)
  4 deep elf high priests
  8 yaktaur captains
  2 entropy weavers
  2 great orbs of eyes (Vaults:1)
  3 ice dragons (Depths:4)
  A rakshasa (D:15)
  Erolcha (Orc:2)
  4 spriggan air magi
  4 hydras
  4 ironbound frosthearts
  Harold (Orc:1)
  3 ogre magi
  31 vault guards
  4 radroaches
  8 centaur warriors
  2 catoblepae (Lair:5)
  3 alligator snapping turtles
  A merfolk avatar (Shoals:3)
  2 jorogumos
  19 dancing weapons
  12 two-headed ogres
  6 boulder beetles
  2 death yaks (Lair:5)
  3 deep troll shamans
  3 satyrs
  5 demonic crawlers
  2 orc high priests
  4 tengu warriors
  2 deep troll earth magi
  5 spriggan berserkers
  6 hell knights
  Sonja (Orc:1)
  3 occultists
  12 deep elf knights
  A sun demon (D:5)
  A shadow wraith (Elf:3)
  5 iron trolls
  3 skysharks (Shoals:1)
  2 goliath frogs (Zot:4)
  2 pharaoh ants
  2 sixfirhies
  6 sea snakes
  3 skeletal warriors (D:15)
  5 arcanists
  38 deep trolls
  A flayed ghost (Depths:4)
  8 orb spiders
  A cherub (D:11)
  A shadow demon (Depths:4)
  A sun moth (Spider:3)
  A mana viper (shapeshifter) (Vaults:5)
  3 obsidian statues
  5 deep elf archers
  A steelbarb worm (shapeshifter) (Vaults:5)
  5 lindwurms
  7 steelbarb worms
  14 harpies
  A tengu zombie (Vaults:1)
  4 thermic dynamos
  2 orc knights
  9 fauns
  14 ironbound convokers
  12 deep elf zephyrmancers
  3 necromancers
  14 wolf spiders
  7 orc sorcerers
  11 deep elf pyromancers
  3 cyclopes
  Maurice (Orc:1)
  15 manticores
  22 ugly things
  18 moths of wrath
  2 elephants
  11 merfolk sirens
  3 rust devils
  4 meliai
  3 kobold blastminers (Orc:1)
  A torpor snail (Spider:1)
  A black mamba (Lair:4)
  A cane toad (Lair:2)
  An eye of devastation (Depths:3)
  A spectral elf (Elf:3)
  3 orange demons
  19 vault sentinels
  5 komodo dragons
  A tormentor (D:15)
  An efreet (D:15)
  4 rime drakes
  A freezing wraith (Vaults:5)
  2 kobold demonologists
  An ice devil (D:10)
  19 yaktaurs
  2 tengu conjurers (Depths:2)
  15 merfolk
  3 trolls
  2 polar bears
  5 glass eyes
  4 wind drakes
  5 blink frogs
  31 tarantellas
  4 dream sheep
  9 snapping turtles
  Sigmund (D:4)
  25 slime creatures
  15 jumping spiders
  A culicivora (shapeshifter) (D:13)
  7 water elementals
  A spriggan (shapeshifter) (D:12)
  17 culicivoras
  An air elemental (Elf:1)
  2 humans (D:11)
  5 wyverns
  31 yaks
  3 hogs (D:15)
  3 wraiths
  A vampire (D:11)
  4 basilisks
  A fire elemental (Elf:1)
  29 redbacks
  2 wargs (Orc:1)
  6 vampire mosquitoes
  A neqoxec (D:1)
  2 chaos spawn
  7 water moccasins
  A hydra simulacrum (Lair:2)
  3 hell hounds (Elf:1)
  A black bear (D:4)
  8 orc warriors
  An ice beast (D:5)
  5 ogres
  2 boggarts (Vaults:1)
  12 centaurs
  A phantom (D:5)
  Blork the orc (D:6)
  A weeping skull (Elf:3)
  8 kobold brigands
  3 elf zombies (Ossuary)
  6 bullfrogs
  An earth elemental (Elf:3)
  A cane toad simulacrum (Lair:2)
  3 scorpions
  2 wights
  A blink frog simulacrum (Lair:2)
  17 killer bees
  2 howler monkeys (D:7)
  2 jellies
  A komodo dragon simulacrum (Lair:2)
  5 hounds
  A gnoll bouda (D:3)
  6 orc priests
  A human zombie (Ossuary)
  Jessica (D:2)
  2 hell rats (Lair:2)
  3 iguanas
  2 sleepcaps
  Natasha (D:2)
  9 orc wizards
  5 hound zombies (Ossuary)
  2 mummies (Ossuary)
  7 gnolls
  10 adders
  A white imp (D:5)
  4 ufetubi
  4 adder zombies (Ossuary)
  5 dart slugs
  2 ribbon worms
  16 orcs
  13 ball pythons
  8 endoplasms
  3 giant cockroaches
  7 gnoll zombies (Ossuary)
  9 hobgoblins
  5 quokkas
  6 bats
  3 frilled lizards
  9 goblins
  5 jackal zombies (Ossuary)
  17 kobolds
  5 kobold zombies (Ossuary)
  7 orc zombies (Ossuary)
  4 rats
  An aspiring flesh (Zot:5)
  A ball lightning (D:13)
  A lost soul (Elf:3)
1345 creatures vanquished.

Vanquished Creatures (collateral kills)
  A dread lich (Vaults:5)
  5 Killer Klowns (Zot:5)
  Bai Suzhen (Spider:4)
  Saint Roka (Elf:2)
  A curse toe (Zot:5)
  Jory (Depths:4)
  2 golden dragons
  Arachne (Spider:2)
  A hellephant (Vaults:4)
  An electric golem (Zot:2)
  5 tentacled monstrosities
  The ghost of dontdoit the Impaler, an adept MfSu of the Shining One (Shoals:4)
  11 Orb Guardians
  A deep elf master archer (Elf:3)
  2 titans (Vaults:5)
  4 quicksilver dragons
  2 sphinxes
  A kraken (Shoals:1)
  2 Executioners
  2 death cobs (Zot:1)
  Roxanne (D:14)
  6 shadow dragons
  Aizul (Spider:4)
  2 storm dragons
  3 protean progenitors
  A draconian knight (Depths:4)
  A draconian monk (Zot:4)
  12 vault wardens
  4 fire giants
  6 deep elf sorcerers
  6 frost giants
  2 draconian scorchers (Zot:3)
  2 deep elf elementalists (Elf:3)
  5 draconian shifters
  An orc warlord (Vaults:4)
  2 balrugs (Zot:3)
  2 ghouls (Elf:3)
  A draconian stormcaller (Zot:4)
  7 ironbound preservers
  A formless jellyfish (Vaults:1)
  4 draconian annihilators
  6 stone giants
  5 very ugly things
  2 ironbound thunderhulks
  4 vampire knights
  3 black draconians (Zot:3)
  4 deep elf death magi
  2 green draconians
  A demonspawn black sun (Depths:2)
  The ghost of Caerwyn the Carver, a journeyman CoGl of Gozag (Lair:2)
  4 spark wasps
  2 red draconians
  6 deep elf annihilators
  A deep elf demonologist (Elf:3)
  3 white draconians
  5 yellow draconians
  5 purple draconians
  5 dire elephants
  A blizzard demon (Zot:3)
  A war gargoyle (Vaults:5)
  A spectral elf (Elf:3)
  2 entropy weavers
  Josephine (D:10)
  A jiangshi (Elf:3)
  6 ettins
  3 merfolk impalers
  2 yaktaur captains
  A deep elf high priest (Elf:3)
  A rakshasa (Depths:1)
  2 great orbs of eyes (Zot:2)
  8 vault guards
  5 fire dragons
  7 ice dragons
  2 hydras
  5 ogre magi
  A merfolk avatar (Shoals:4)
  5 centaur warriors
  4 ironbound frosthearts (Vaults:2)
  4 merfolk aquamancers
  4 deep troll shamans
  2 jorogumos (Zot:3)
  A catoblepas (Lair:5)
  3 death yaks (Lair:5)
  A radroach (Spider:2)
  3 two-headed ogres
  3 boulder beetles
  14 dancing weapons
  A spriggan berserker (Depths:4)
  4 deep troll earth magi
  A demonic crawler (Spider:1)
  An occultist (Depths:3)
  2 tengu warriors
  An orc high priest (Depths:1)
  5 hell knights
  8 deep elf knights
  A soul eater (Depths:2)
  5 iron trolls
  A sixfirhy (D:7)
  2 skysharks
  3 skeletal warriors
  An elf simulacrum (Elf:3)
  2 shadow wraiths
  A fire crab (shapeshifter) (Depths:2)
  8 sea snakes
  A cherub (D:6)
  An orb spider (Spider:3)
  A glowing orange brain (Vaults:2)
  A glowing orange brain (shapeshifter) (Vaults:5)
  An arcanist (Vaults:3)
  2 deep elf archers
  15 deep trolls
  3 phantasmal warriors (Vaults:5)
  A sun moth (Spider:1)
  2 flayed ghosts
  A thermic dynamo (Elf:2)
  6 ironbound convokers
  12 deep elf zephyrmancers
  5 orc knights
  4 lindwurms
  10 harpies
  16 ugly things
  2 necromancers (Depths:1)
  7 deep elf pyromancers
  3 cyclopes
  A wolf spider (Spider:2)
  An orc sorcerer (Vaults:4)
  A faun (shapeshifter) (Vaults:5)
  4 fauns
  13 moths of wrath
  8 elephants
  9 manticores
  A shining eye (shapeshifter) (Depths:2)
  2 meliai (Spider:1)
  2 black mambas
  3 merfolk sirens
  7 vault sentinels
  A gargoyle (D:13)
  An eye of devastation (Depths:3)
  3 smoke demons
  A kobold demonologist (D:11)
  A torpor snail (Spider:4)
  A hellion (D:1)
  3 water nymphs
  4 cane toads
  16 yaktaurs
  2 komodo dragons
  A rime drake (Lair:2)
  An efreet (D:14)
  2 freezing wraiths
  A tengu conjurer (D:14)
  A red devil (D:1)
  A queen bee (Lair:3)
  3 polar bears
  2 hornets (Depths:3)
  11 merfolk
  3 trolls
  5 tarantellas
  3 wind drakes
  3 blink frogs (Lair:2)
  7 dream sheep
  5 snapping turtles
  2 glass eyes
  10 slime creatures
  9 jumping spiders
  2 spriggans (Depths:3)
  An air elemental (Elf:3)
  5 water elementals
  A ynoxinul (D:5)
  A deep troll skeleton (Vaults:1)
  21 yaks
  5 culicivoras
  4 wraiths
  A wyvern (D:8)
  A vampire (D:13)
  3 fire elementals (Elf:1)
  2 basilisks
  4 wargs
  15 redbacks
  A hog (D:15)
  2 vampire mosquitoes (D:12)
  An elf skeleton (Vaults:1)
  An acid dragon (D:10)
  3 swamp worms (Lair:2)
  A hell hound (Elf:1)
  4 water moccasins
  7 orc warriors
  4 ogres
  A black bear (D:8)
  An ice beast (D:6)
  A sky beast (D:7)
  3 boggarts (Vaults:1)
  4 centaurs
  4 kobold brigands
  7 bullfrogs
  A gnoll sergeant (D:6)
  An earth elemental (Elf:3)
  A skyshark simulacrum (Lair:2)
  3 scorpions
  10 wights
  6 killer bees (Lair:3)
  2 howler monkeys
  A komodo dragon simulacrum (Lair:2)
  3 orc priests
  4 orc wizards
  4 hell rats (Lair:2)
  5 gnolls
  8 orcs
  A goblin (D:8)
  4 kobolds
730 creatures vanquished.

Vanquished Creatures (others)
  A pandemonium lord (D:13)
  A sphinx (Depths:4)
  An ettin (Depths:4)
  An entropy weaver (Vaults:5)
  A spriggan air mage (Depths:4)
  An orc high priest (Vaults:2)
  A spriggan berserker (Depths:4)
  23 orc apostles
  3 spriggans (Depths:4)
  Nergalle (Orc:2)
  A sea snake (Shoals:4)
  An orb spider (Spider:4)
  A deep elf zephyrmancer (Elf:1)
  A meliai (Spider:2)
  A merfolk siren (Shoals:3)
  A red devil (D:13)
  A merfolk (Shoals:1)
  3 hornets (Depths:4)
  A fire elemental (Elf:1)
  A yak (Lair:3)
  4 orc warriors
  4 orc priests
  4 orc wizards
  14 orcs
  8 ball lightnings (D:13)
  A lost soul (Elf:3)
  8 tentacles
89 creatures vanquished.

Grand Total: 2164 creatures vanquished

Notes
Turn   | Place    | Note
-------+----------+-------------------------------------------
     0 | D:1      | sdynet the Demonspawn Gladiator began the quest for the
                  | Orb.
     0 | D:1      | Reached XP level 1. HP: 16/16 MP: 1/1
   140 | D:1      | Reached skill level 1 in Stealth
   144 | D:1      | Gained mutation: You have large cloven feet. [demonic
                  | ancestry]
   144 | D:1      | Reached XP level 2. HP: 22/23 MP: 2/2
   697 | D:2      | Gained mutation: You are surrounded by a mild repulsion
                  | field. (EV +2) [demonic ancestry]
   697 | D:2      | Reached XP level 3. HP: 29/29 MP: 3/3
  1063 | D:2      | Noticed Natasha
  1076 | D:2      | Killed Natasha
  1077 | D:2      | Reached XP level 4. HP: 36/36 MP: 4/4
  1158 | D:2      | Found a sacrificial altar of Ru.
  1164 | D:2      | Became a worshipper of Ru the Awakened
  1239 | D:2      | Noticed Jessica
  1256 | D:2      | Killed Jessica
  1513 | D:3      | Got the Codex of the Calescent Voyage
  1938 | D:3      | Found a faded altar of an unknown god.
  1955 | D:3      | Prayed at the altar of an unknown god.
  1955 | D:3      | Fell from the grace of Ru
  1955 | D:3      | Became a worshipper of Beogh the Shepherd
  1955 | D:3      | Reached * piety under Beogh
  2354 | D:3      | Gained mutation: You regenerate a little health from kills.
                  | [demonic ancestry]
  2354 | D:3      | Reached XP level 5. HP: 34/42 MP: 5/5
  2596 | D:4      | Reached skill level 1 in Invocations
  2610 | D:4      | Noticed Sigmund
  2615 | D:4      | Killed Sigmund
  2616 | D:4      | Reached skill level 5 in Fighting
  2616 | D:4      | Gained mutation: You regenerate health from kills. [demonic
                  | ancestry]
  2616 | D:4      | Reached XP level 6. HP: 50/52 MP: 6/6
  3014 | D:4      | Gained mutation: You are surrounded by a moderate repulsion
                  | field. (EV +3) [demonic ancestry]
  3014 | D:4      | Reached XP level 7. HP: 41/59 MP: 7/7
  3183 | D:4      | Noticed a wyvern
  3193 | D:4      | Killed a wyvern
  3256 | D:4      | Reached ** piety under Beogh
  3670 | D:5      | Entered Level 5 of the Dungeon
  3671 | D:5      | Found an iron altar of Okawaru.
  4260 | D:5      | Reached XP level 8. HP: 68/68 MP: 8/8
  4281 | D:5      | Found a stormy altar of Qazlal.
  5042 | D:6      | Found a broken altar of Ashenzari.
  5046 | D:6      | Saw a vision of the Shoals and the Spider Nest.
  5046 | D:6      | Noticed a skyshark
  5046 | D:6      | Noticed a skyshark
  5046 | D:6      | Noticed a merfolk impaler
  5046 | D:6      | Noticed a merfolk impaler
  5046 | D:6      | Noticed a sea snake
  5046 | D:6      | Noticed a manticore
  5046 | D:6      | Noticed a moth of wrath
  5046 | D:6      | Noticed a culicivora
  5047 | D:6      | Noticed a moth of wrath
  5047 | D:6      | Noticed a jumping spider
  5047 | D:6      | Noticed a sea snake
  5048 | D:6      | Noticed a tarantella
  5048 | D:6      | Noticed a merfolk
  5048 | D:6      | Noticed a radroach
  5048 | D:6      | Noticed a tarantella
  5048 | D:6      | Noticed a wolf spider
  5048 | D:6      | Noticed a culicivora
  5065 | D:6      | Noticed Blork the orc
  5219 | D:6      | Found a sand-covered staircase.
  5224 | Ossuary  | Entered an ossuary
  5394 | Ossuary  | Reached *** piety under Beogh
  5493 | Ossuary  | Reached XP level 9. HP: 45/78 MP: 9/9
  5495 | Ossuary  | Reached skill level 5 in Throwing
  5661 | D:6      | Identified the +5 dagger "Isecuwn" {speed, rN++}
  5661 | D:6      | Noticed Ugbert
  5701 | D:6      | Anointed Ugbert the wizard as your apostle
  5886 | D:6      | Killed Blork the orc
  5892 | D:6      | Reached skill level 10 in Fighting
  6045 | D:6      | Found a snail-covered altar of Cheibriados.
  6414 | D:7      | Found Utaxoatzo's Weapon Emporium.
  6497 | D:7      | Reached **** piety under Beogh
  6504 | D:7      | Found a staircase to the Ecumenical Temple.
  6561 | Temple   | Entered the Ecumenical Temple
  6587 | D:7      | Identified the +5 dire flail of Ancient Evil {drain, rF+
                  | rC+}
  6587 | D:7      | Noticed Marbaugh
  6608 | D:7      | Anointed Marbaugh the warrior as your apostle
  6819 | D:7      | Reached skill level 5 in Stealth
  7144 | D:7      | Found Yfureaqi's Overcharged Wands.
  7182 | D:7      | Identified a scroll of acquirement
  7314 | D:8      | Found a flagged portal.
  7329 | Bailey   | Entered a bailey
  7418 | Bailey   | Reached skill level 2 in Invocations
  7468 | Bailey   | Reached skill level 1 in Shapeshifting
  7468 | Bailey   | Reached XP level 10. HP: 75/86 MP: 11/11
  7545 | D:8      | Reached skill level 5 in Short Blades
  7575 | D:8      | Reached skill level 3 in Invocations
  7578 | D:8      | Reached ***** piety under Beogh
  7599 | D:8      | Found a burning altar of Makhleb.
  7890 | D:9      | Your ally Ugbert died
  7911 | D:9      | Reached skill level 4 in Invocations
  8014 | D:9      | Found a staircase to the Lair.
  8014 | D:9      | Noticed an elephant
  8019 | D:9      | Killed an elephant
  8249 | D:9      | Found a blossoming altar of Fedhas.
  8338 | D:9      | Found a shimmering blue altar of Sif Muna.
  8380 | D:9      | Reached skill level 5 in Invocations
  8395 | D:9      | Noticed Rocco
  8412 | D:9      | Anointed Rocco the priest as your apostle
  8586 | D:9      | Found a bloodstained altar of Trog.
  8605 | D:9      | Found a radiant altar of Vehumet.
  8903 | D:10     | Entered Level 10 of the Dungeon
  8942 | D:10     | Noticed Josephine
  8947 | D:10     | Killed Josephine
  8948 | D:10     | Reached skill level 6 in Invocations
  8957 | D:10     | Reached skill level 7 in Invocations
  9051 | D:10     | Noticed a two-headed ogre
  9064 | D:10     | Killed a two-headed ogre
  9214 | D:10     | Found an ornate altar of the Wu Jian Council.
  9236 | D:10     | Found a basalt altar of Yredelemnul.
  9262 | D:10     | Reached XP level 11. HP: 92/92 MP: 16/16
  9283 | D:10     | Reached skill level 1 in Evocations
  9291 | D:10     | Reached skill level 8 in Invocations
  9291 | D:10     | Reached skill level 5 in Shapeshifting
  9878 | D:10     | Found Vihoicw's Weapon Boutique.
  9880 | D:10     | Found a staircase to the Orcish Mines.
  9882 | D:10     | Found Qagen's Armour Boutique.
 10075 | D:10     | Noticed a two-headed hydra
 10085 | D:10     | Killed a two-headed hydra
 10205 | Lair:1   | Entered Level 1 of the Lair of Beasts
 10476 | Lair:1   | You fall into a shaft and drop 1 floor!
 10505 | Lair:2   | Reached skill level 9 in Invocations
 10544 | Lair:2   | Noticed Caerwyn's ghost (journeyman CoGl)
 10834 | Lair:1   | Reached skill level 5 in Dodging
 11442 | Lair:2   | Noticed Urug
 11452 | Lair:2   | Pacified Urug
 11620 | Lair:2   | Noticed a boulder beetle
 11622 | Lair:2   | Reached XP level 12. HP: 100/100 MP: 19/19
 11630 | Lair:2   | Killed a boulder beetle
 11990 | Lair:2   | Found a runed translucent gate.
 11991 | Lair:2   | Found a runed translucent gate.
 11992 | Lair:2   | Found a runed translucent gate.
 12297 | Lair:2   | Killed Caerwyn's ghost
 12298 | Lair:2   | Reached skill level 10 in Invocations
 12325 | Lair:2   | Got the ring "Arori" {Fire rPois Will++ Str-5}
 12424 | Lair:3   | Your ally Ugbert died
 12566 | Lair:3   | Found a hole to the Spider Nest.
 12573 | Lair:3   | Your ally Marbaugh died
 12828 | Lair:3   | Found a staircase to the Shoals.
 12854 | Lair:3   | Noticed Syrus
 12877 | Lair:3   | Anointed Syrus the priest as your apostle
 13289 | Lair:3   | Reached skill level 11 in Invocations
 13443 | Lair:4   | Noticed a boulder beetle
 13449 | Lair:4   | Killed a boulder beetle
 13747 | Lair:4   | Noticed an eight-headed hydra
 13752 | Lair:4   | Killed an eight-headed hydra
 13753 | Lair:4   | Gained mutation: You are partially covered in sharp spines.
                  | [demonic ancestry]
 13753 | Lair:4   | Reached XP level 13. HP: 89/109 MP: 21/21
 14208 | Lair:4   | Found a staircase to the Slime Pits.
 14278 | Lair:5   | Entered Level 5 of the Lair of Beasts
 14436 | Lair:5   | Reached ****** piety under Beogh
 14454 | Lair:5   | Reached skill level 12 in Invocations
 15585 | Orc:1    | Entered Level 1 of the Orcish Mines
 15604 | Orc:1    | Noticed Maurice
 15607 | Orc:1    | Noticed Sonja
 15613 | Orc:1    | Killed Maurice
 15622 | Orc:1    | Noticed Harold
 15625 | Abyss:1  | Cast into level 1 of the Abyss (Sonja)
 15632 | Orc:1    | Escaped the Abyss
 15634 | Orc:1    | Killed Sonja
 15635 | Orc:1    | Reached skill level 10 in Short Blades
 15643 | Orc:1    | Killed Harold
 15644 | Orc:1    | Gained mutation: You are surrounded by a strong repulsion
                  | field. (EV +4, RMsl) [demonic ancestry]
 15644 | Orc:1    | Reached XP level 14. HP: 118/118 MP: 16/23
 16158 | D:7      | Bought the +9 quick blade of an ossuary {freeze, rN++
                  | Will+} for 1426 gold pieces
 16296 | Orc:2    | Entered Level 2 of the Orcish Mines
 16559 | Orc:2    | Found a staircase to the Elven Halls.
 16656 | Orc:2    | Found Tossedyps's Antique Weapon Shoppe.
 16714 | Orc:2    | Found a radiant altar of Vehumet.
 16715 | Orc:2    | Noticed Erolcha
 16717 | Orc:2    | Found Tueporyu's Book Shoppe.
 16724 | Orc:2    | Killed Erolcha
 16742 | Orc:2    | Noticed Nergalle
 16744 | Orc:2    | Reached skill level 10 in Shapeshifting
 16745 | Orc:2    | Pacified Nergalle
 16749 | Orc:2    | Found an ancient bone altar of Kikubaaqudgha.
 16776 | Orc:2    | Killed Nergalle
 16789 | Orc:2    | Anointed Worak the priest as your apostle
 16804 | Orc:2    | Found a roughly hewn altar of Beogh.
 16804 | Orc:2    | Found Voegroq's Jewellery Shoppe.
 16819 | Orc:2    | Found Caly's Distillery.
 17421 | D:11     | Found an iron altar of Okawaru.
 17498 | D:11     | Found a flickering gateway to a bazaar.
 17512 | Bazaar   | Entered a bazaar
 17516 | Bazaar   | Found Utaw's Weapon Shoppe.
 17520 | Bazaar   | Found Sest's Antique Armour Boutique.
 17536 | Bazaar   | Found Ageily's Magic Scroll Shoppe.
 17547 | Bazaar   | Found Xecavef's Assorted Antiques.
 17555 | Bazaar   | Acquired the scarf "Vonwetoe" {shadows, rN+ Regen+ Str-2
                  | SInv}
 17568 | Bazaar   | Bought a scroll labelled ZAFAYM MIUREDUAX for 33 gold
                  | pieces
 17569 | Bazaar   | Bought a potion of mutation for 264 gold pieces
 17577 | Bazaar   | Bought a scroll of enchant armour for 82 gold pieces
 17577 | Bazaar   | Bought a scroll of enchant armour for 82 gold pieces
 18005 | D:12     | Found Exemol's Distillery.
 18656 | D:13     | Found Jacesil's Assorted Antiques.
 18755 | D:13     | Found Dampeuc's Assorted Antiques.
 18804 | D:13     | Bought a glowing clear potion for 19 gold pieces
 18892 | D:13     | Bought a blackened glass wand for 76 gold pieces
 19068 | D:13     | Found Ynytaq's Armour Shoppe.
 19178 | D:13     | Found Somerr's Antique Armour Shoppe.
 19226 | D:13     | Found Vagupp's Magic Scroll Boutique.
 19286 | D:13     | Found a gate to the Vaults.
 19881 | D:14     | Noticed Roxanne
 19889 | D:14     | Killed Roxanne
 19962 | D:14     | Gained mutation: You have hoof-like feet. [demonic
                  | ancestry]
 19962 | D:14     | Reached XP level 15. HP: 127/127 MP: 24/24
 19967 | D:14     | Reached skill level 15 in Fighting
 20465 | D:15     | Entered Level 15 of the Dungeon
 20515 | D:15     | Reached skill level 1 in Shields
 20554 | D:15     | Found a staircase to the Depths.
 20658 | D:15     | Your ally Syrus died
 20861 | D:15     | Noticed Nessos
 20870 | D:15     | Killed Nessos
 21137 | D:15     | Noticed Agnes
 21143 | D:15     | Killed Agnes
 21292 | D:15     | Noticed Kirke
 21306 | D:15     | Killed Kirke
 21469 | Lair:1   | Acquired 545 gold pieces
 21593 | Spider:1 | Entered Level 1 of the Spider Nest
 22262 | Orc:2    | Bought the amulet "Wiek" {Faith rC++ Int+3 Slay+2} for 871
                  | gold pieces
 22272 | Orc:2    | Upgraded the game from 0.32-a0-519-g08f29ac to
                  | 0.32-a0-540-g866d131
 22599 | Spider:2 | Noticed an emperor scorpion
 22609 | Spider:2 | Killed an emperor scorpion
 23125 | Spider:2 | Noticed Arachne
 23131 | Spider:2 | Killed Arachne
 23143 | Spider:2 | Reached XP level 16. HP: 136/136 MP: 25/25
 23705 | Spider:2 | Identified the ring "Tyetirr" {rC+ Dex+5}
 24913 | Spider:3 | Anointed Brunolf the warrior as your apostle
 24966 | Spider:4 | Entered Level 4 of the Spider Nest
 24966 | Spider:4 | Noticed Bai Suzhen
 24975 | Spider:4 | Killed Bai Suzhen
 24978 | Spider:4 | Your ally Rocco died
 25031 | Spider:4 | Identified the serpent talisman of Leaves {rF- Will+ rCorr}
 25031 | Spider:4 | Noticed Aizul
 25037 | Spider:4 | Your ally Worak died
 25039 | Spider:4 | Your ally Brunolf died
 25044 | Spider:4 | Killed Aizul
 25600 | Spider:4 | Learned a level 1 spell: Apportation
 25603 | Spider:4 | Learned a level 2 spell: Blink
 25778 | Spider:4 | Reached skill level 15 in Shapeshifting
 25817 | Spider:4 | Was placed under penance by Beogh
 25833 | Spider:4 | Reached XP level 17. HP: 142/142 MP: 26/26
 26010 | Spider:4 | Was forgiven by Beogh
 26141 | Spider:4 | Got a gossamer rune of Zot
 26495 | Shoals:1 | Entered Level 1 of the Shoals
 26875 | Shoals:1 | Noticed a kraken
 26884 | Shoals:1 | Your ally Rocco died
 26884 | Shoals:1 | Killed a kraken
 27221 | Shoals:2 | Identified the ring "Vaure" {rN+ Will+ Int+4}
 27273 | Shoals:2 | Found a runed translucent door.
 27277 | Shoals:2 | Noticed Caerwyn's ghost (adept CoHu)
 27295 | Shoals:2 | Killed Caerwyn's ghost
 27333 | Shoals:2 | Your ally Worak died
 27597 | Shoals:2 | Found a radiant altar of Vehumet.
 27847 | Shoals:3 | Noticed Ilsuiw
 27875 | Shoals:3 | Killed Ilsuiw
 27902 | Shoals:3 | Identified the +4 flail of the Candle {flame, Str+5 Dex-4}
 27917 | Shoals:3 | Anointed Olfik the priest as your apostle
 28052 | Shoals:3 | Noticed Louise
 28055 | Shoals:3 | Found Lizanalu's Book Boutique.
 28061 | Shoals:3 | Killed Louise
 28062 | Shoals:3 | Reached skill level 13 in Invocations
 28128 | Shoals:3 | Found a runed translucent gate.
 28128 | Shoals:3 | Found a runed translucent gate.
 28128 | Shoals:3 | Found a runed translucent gate.
 28129 | Shoals:3 | Found an opulent altar of Gozag.
 28131 | Shoals:3 | Found Tomos's Assorted Antiques.
 28131 | Shoals:3 | Noticed dbsdud3269's ghost (adept OnGl)
 28341 | Shoals:3 | Noticed a kraken
 28348 | Shoals:3 | Killed a kraken
 28349 | Shoals:3 | Reached skill level 5 in Shields
 28603 | Shoals:3 | Killed dbsdud3269's ghost
 28633 | Shoals:3 | Identified the +10 shortbow "Reja" {flame, rF+ rN+}
 28677 | Shoals:4 | Entered Level 4 of the Shoals
 28690 | Shoals:4 | Found Beughine's General Store.
 28692 | Shoals:4 | Reached XP level 18. HP: 150/150 MP: 28/28
 28773 | Shoals:4 | Found Ofusk's Specific Store.
 28863 | Shoals:4 | Found a runed translucent door.
 28863 | Shoals:4 | Found a shimmering altar of Xom.
 28863 | Shoals:4 | Noticed dontdoit's ghost (adept MfSu)
 28878 | Shoals:4 | Killed dontdoit's ghost
 28992 | Shoals:4 | Your ally Worak died
 29026 | Shoals:4 | Identified the ring "Zaud" {Wiz rC+++ Str-5 Dex+8 Slay-2}
 29052 | Shoals:4 | Got a barnacled rune of Zot
 29094 | Shoals:4 | Identified the +0 mace of Due Proportion {flame, rF++
                  | rCorr}
 29120 | Shoals:4 | Identified the ring of the Shrinking King {rPois rC+}
 29138 | Shoals:4 | Reached skill level 14 in Invocations
 29184 | Shoals:4 | Identified the staff of Pride {rElec rPois rF+ Str+3 SInv
                  | Air}
 29238 | Shoals:4 | Reached skill level 10 in Dodging
 29699 | Vaults:1 | Entered Level 1 of the Vaults
 29982 | Vaults:1 | Reached skill level 15 in Short Blades
 30017 | Vaults:1 | Anointed Garbold the warrior as your apostle
 30142 | Vaults:1 | Found Fobymn's Book Boutique.
 30395 | Vaults:1 | Found Siroffuo's Magic Scroll Boutique.
 30627 | Vaults:1 | Found Pusiy's Antique Armour Shoppe.
 30678 | Vaults:1 | Found Idewim's Assorted Antiques.
 30861 | Vaults:1 | Found Nechehu's Armour Shop.
 30950 | Vaults:1 | Reached skill level 15 in Invocations
 30981 | Vaults:1 | Gained mutation: You have hooves in place of feet. [demonic
                  | ancestry]
 30981 | Vaults:1 | Reached XP level 19. HP: 159/159 MP: 30/30
 31387 | Vaults:2 | Found a staircase to the Crypt.
 31758 | Vaults:2 | Got the Precepts of Electricity and Energy
 32046 | Vaults:2 | Your ally Brunolf died
 32064 | Vaults:2 | Anointed Bolgrim the priest as your apostle
 32352 | Vaults:2 | Reached skill level 16 in Invocations
 32732 | Vaults:3 | Got the Annotations on Voltage
 33150 | Vaults:3 | You fall into a shaft and drop 1 floor!
 33340 | Vaults:3 | Gained mutation: You punish those that try to bend your
                  | will. (Will+) [demonic ancestry]
 33340 | Vaults:3 | Reached XP level 20. HP: 168/168 MP: 32/32
 33671 | Vaults:4 | Noticed Margery
 33680 | Vaults:4 | Your ally Garbold died
 33682 | Vaults:4 | Killed Margery
 33757 | Vaults:4 | Reached skill level 17 in Invocations
 34009 | Vaults:4 | Your ally Olfik died
 34140 | Vaults:4 | Reached skill level 10 in Shields
 34225 | Vaults:4 | Identified the +7 trident of the Queen {flame, ^Drain rC+++
                  | Int+3 Dex-5}
 34243 | Vaults:4 | Anointed Brunolf the priest as your apostle
 34468 | Vaults:4 | Identified the +6 long sword "Hydrabane" {freeze, Int+2}
 34488 | Vaults:4 | Found Nugyprot's Jewellery Shop.
 34935 | Elf:1    | Entered Level 1 of the Elven Halls
 35200 | Elf:1    | Paralysed by an air elemental for 1 turns
 35472 | Vaults:1 | Bought the -2 hat of the Alchemist {rElec rPois rF+ rC+ rN+
                  | Will+ rMut rCorr} for 1652 gold pieces
 35472 | Vaults:1 | Found the -2 hat of the Alchemist {rElec rPois rF+ rC+ rN+
                  | Will+ rMut rCorr}
 35829 | Elf:1    | Noticed Azrael
 35833 | Elf:1    | Reached skill level 18 in Invocations
 35835 | Elf:1    | Killed Azrael
 36098 | Elf:2    | Found Bovoin's Book Shoppe.
 36599 | Elf:2    | Found a runed translucent gate.
 36599 | Elf:2    | Found a runed translucent gate.
 36600 | Elf:2    | Found a runed translucent gate.
 36852 | Elf:3    | Entered Level 3 of the Elven Halls
 37019 | Elf:2    | Reached XP level 21. HP: 178/178 MP: 34/34
 37065 | Elf:2    | Noticed Saint Roka
 37080 | Elf:2    | Killed Saint Roka
 37104 | Elf:2    | Identified the blade talisman "Foaxzyint" {rPois rN+}
 38194 | Elf:3    | Identified the +4 chain mail "Piong" {rElec Dex+5}
 38209 | Elf:3    | Anointed Bogric the warrior as your apostle
 38376 | Elf:3    | Identified the +2 ring mail of the Kitsune {Str+2}
 38522 | Elf:3    | Got the Precepts of Hexes
 38768 | Elf:3    | Reached skill level 19 in Invocations
 38898 | Elf:3    | Identified the amulet "Dighiwk" {Faith rElec MP+9 Str+3}
 38923 | Elf:3    | Identified the ring "Hero's Friend" {Ice rCorr Dex+2
                  | Stlth+}
 38930 | Elf:3    | Identified the +2 leather armour of Slovenliness {Int+6}
 38931 | Elf:3    | Identified the +7 plate armour of Folury {rElec Will+}
 38932 | Elf:3    | Identified the ring of Temptation {Wiz Stlth+}
 38940 | Elf:3    | Identified the +10 hand axe of Punishment {heavy, rElec
                  | Str+4}
 38979 | Elf:3    | Identified the +0 leather armour "Pieqokhleoca" {Dex+3}
 39047 | Elf:3    | Identified the ring "Sel Kaoz" {rCorr Dex+5}
 39047 | Elf:3    | Found the Hermit's Pendant {Faith Invo=14 Evo=0 MP+5}
 39063 | Elf:3    | Identified the amulet of Azxetun {Acrobat ^Contam rElec
                  | rCorr Int-4}
 39073 | Elf:3    | Identified the staff of the Special Loafs {Fly rElec Int-4
                  | Hexes Earth}
 39688 | Vaults:5 | Entered Level 5 of the Vaults
 39688 | Vaults:5 | Noticed a golden dragon
 39691 | Vaults:5 | Killed a golden dragon
 39750 | Vaults:5 | Noticed a dread lich
 39755 | Vaults:5 | Killed a dread lich
 39756 | Vaults:5 | Reached skill level 20 in Invocations
 39758 | Vaults:5 | Reached XP level 22. HP: 188/188 MP: 12/36
 39866 | Vaults:5 | Noticed a dread lich
 39875 | Vaults:5 | Killed a dread lich
 39902 | Vaults:5 | Identified the +1 cloak "Fowkadib" {-Cast rElec rPois rF+}
 39904 | Vaults:5 | Found Noull's Distillery.
 40100 | Vaults:5 | Reached skill level 15 in Dodging
 40106 | Vaults:5 | Got the Book of Chilling Nightshade
 40114 | Vaults:5 | Identified the +6 battleaxe "Beellacs" {flame, rElec rF-
                  | Will+}
 40134 | Vaults:5 | Identified the staff of Uzyresk {rN+ Int+4 Necro}
 40227 | Vaults:5 | Identified the amulet "Avoyh" {Acrobat rElec rPois Str+3}
 40230 | Vaults:5 | Identified the +2 trident "Leviticus" {flame, ^Drain rCorr
                  | Int+3 Dex+5}
 40338 | Vaults:5 | Found Amaveicw's Magic Scroll Shop.
 40375 | Vaults:5 | Noticed a golden dragon
 40379 | Vaults:5 | Killed a golden dragon
 40381 | Vaults:5 | Found Zen Rat's Distillery.
 40421 | Vaults:5 | Got a silver rune of Zot
 40544 | Vaults:5 | Reached skill level 21 in Invocations
 40772 | Vaults:5 | Identified the ring "Jiowuk" {Fly MP+9 Int+6}
 40922 | Vaults:4 | Identified the +5 great mace of Trog's Supremacy {flame,
                  | rN+ Will+ Str+2}
 40932 | Vaults:4 | Anointed Orkwin the warrior as your apostle
 41099 | D:13     | Upgraded the game from 0.32-a0-540-g866d131 to
                  | 0.32-a0-541-gaa138b5
 41099 | D:13     | Upgraded the game from 0.32-a0-541-gaa138b5 to
                  | 0.32-a0-558-g233958a
 41158 | Depths:1 | Entered Level 1 of the Depths
 41158 | Depths:1 | Found Kuasepho's Jewellery Emporium.
 41297 | Depths:1 | Found a broken altar of Ashenzari.
 41334 | Depths:1 | Anointed Oreg the priest as your apostle
 41385 | Depths:1 | Found a gateway to Hell.
 41393 | Depths:1 | Gained mutation: You are resistant to unholy torment.
                  | [demonic ancestry]
 41393 | Depths:1 | Reached XP level 23. HP: 197/197 MP: 12/37
 41513 | Depths:1 | Found a sparkling altar of Nemelex Xobeh.
 42016 | Depths:2 | Your ally Oreg died
 42240 | Depths:3 | Acquired 1005 gold pieces
 42244 | Depths:3 | Found a one-way gate leading to the halls of Pandemonium.
 42268 | Depths:3 | Your ally Bogric died
 42307 | Depths:4 | Entered Level 4 of the Depths
 42378 | Depths:4 | Found a gate to the Realm of Zot.
 42383 | Depths:4 | Got a midnight gem with 1482 turns to spare
 42522 | Depths:2 | Found an ancient bone altar of Kikubaaqudgha.
 42782 | Depths:2 | Found Yriuhyppo's Weapon Boutique.
 42798 | Depths:2 | Reached skill level 22 in Invocations
 42801 | Depths:2 | Your ally Oreg died
 42906 | Depths:2 | Found an ornate altar of the Wu Jian Council.
 42916 | Depths:2 | Found a one-way gate to the infinite horrors of the Abyss.
 43449 | Depths:3 | Found a one-way gateway to a ziggurat.
 43627 | Depths:3 | Got the Book of the Lapidarian Queen Bee
 43970 | Depths:3 | Reached skill level 23 in Invocations
 44350 | Depths:4 | Identified the +7 dagger of the Boiling Point {freeze, rF+
                  | rN+ Int+4 Dex-4}
 44360 | Depths:4 | Anointed Borgoth the wizard as your apostle
 44365 | Depths:4 | Noticed Jory
 44375 | Depths:4 | Killed Jory
 44406 | Depths:4 | Identified the +1 pair of gloves of Lifelessness {rPois
                  | Dex+2}
 44412 | Depths:4 | Found a shadowy altar of Dithmenos.
 44505 | Depths:4 | Found a corrupted altar of Lugonu.
 44539 | Depths:4 | Reached skill level 24 in Invocations
 44686 | Depths:4 | Found Yteph's Jewellery Boutique.
 44686 | Depths:4 | Found Dirai's Jewellery Boutique.
 44686 | Depths:4 | Found Nonema's Book Emporium.
 44696 | Depths:4 | Bought a +4 ring of slaying for 858 gold pieces
 44908 | Depths:4 | Got Idyara's Encyclopedia of Powerful Allies
 44954 | Zot:1    | Entered Level 1 of the Realm of Zot
 45322 | Zot:2    | Gained mutation: You regenerate a lot of health from kills.
                  | [demonic ancestry]
 45322 | Zot:2    | Reached XP level 24. HP: 208/208 MP: 13/39
 45401 | Zot:2    | Reached skill level 25 in Invocations
 45406 | Zot:2    | Reached skill level 1 in Spellcasting
 45406 | Zot:2    | Reached skill level 1 in Translocations
 45617 | Zot:1    | Identified the ring "Niquecor" {Wiz rElec Int+5}
 47273 | Zot:3    | Reached skill level 26 in Invocations
 47402 | Zot:3    | Your ally Bogric died
 47494 | Zot:3    | Your ally Orkwin died
 47500 | Zot:3    | Reached skill level 27 in Invocations
 48052 | Zot:3    | Identified the +4 scimitar of Ymoecuf {heavy, rF+ rCorr
                  | MP+9}
 48087 | Zot:3    | Learned a level 2 spell: Lesser Beckoning
 48298 | Zot:4    | Found a runed translucent door.
 48330 | Zot:4    | Noticed Plog's ghost (legendary FoHu)
 48339 | Zot:4    | Killed Plog's ghost
 48846 | Zot:4    | Identified the staff of the Eggplant {rElec Dex+3 Necro
                  | Air}
 49635 | Zot:5    | Entered Level 5 of the Realm of Zot
 49779 | Zot:5    | Gained mutation: You are mostly covered in sharp spines.
                  | [demonic ancestry]
 49779 | Zot:5    | Reached XP level 25. HP: 215/215 MP: 13/40
 50099 | Zot:5    | Reached skill level 15 in Shields
 50308 | Zot:5    | Your ally Borgoth died
 50316 | Zot:5    | Noticed an orb of fire
 50326 | Zot:5    | Noticed an orb of fire
 50329 | Zot:5    | Noticed a Killer Klown
 50330 | Zot:5    | Your ally Bogric died
 50330 | Zot:5    | Noticed a dread lich
 50330 | Zot:5    | Noticed a Killer Klown
 50332 | Zot:5    | Noticed an orb of fire
 50332 | Zot:5    | Noticed a Killer Klown
 50333 | Zot:5    | Noticed a Killer Klown
 50334 | Zot:5    | Noticed a dread lich
 50336 | Zot:5    | Noticed an ancient lich
 50337 | Zot:5    | Killed an orb of fire
 50340 | Zot:5    | Your ally Orkwin died
 50341 | Zot:5    | Noticed a dread lich
 50348 | Zot:5    | Killed an orb of fire
 50353 | Zot:5    | Killed an orb of fire
 50356 | Zot:5    | Killed an ancient lich
 50360 | Zot:5    | Killed a dread lich
 50362 | Zot:5    | Killed a dread lich
 50369 | Zot:5    | Killed a dread lich
 50375 | Zot:5    | Killed a Killer Klown
 50386 | Zot:5    | Killed a Killer Klown
 50387 | Zot:5    | Killed a Killer Klown
 50388 | Zot:5    | Killed a Killer Klown
 50405 | Zot:5    | Noticed a Killer Klown
 50414 | Zot:5    | Killed a Killer Klown
 50423 | Zot:5    | Identified the +1 chain mail of the Singing Gods {+Inv rF-
                  | SInv}
 50737 | Zot:5    | Got the Orb of Zot
 50770 | Zot:4    | Noticed Rathri the pandemonium lord
 51054 | D:13     | Noticed Tumediyf the pandemonium lord
 51057 | D:13     | Your ally Orkwin died
 51057 | D:13     | Your ally Borgoth died
 51060 | D:13     | Killed Tumediyf the pandemonium lord
 51062 | D:13     | Noticed Pypurej the pandemonium lord
 51070 | D:13     | Killed Pypurej the pandemonium lord
 51271 | D:6      | Noticed a seraph
 51288 | D:6      | Killed a seraph
 51461 | D:2      | Noticed Woraov the pandemonium lord
 51466 | D:2      | Killed Woraov the pandemonium lord
 51713 | D:1      | Gained mutation: You are completely covered in sharp
                  | spines. [demonic ancestry]
 51713 | D:1      | Reached XP level 26. HP: 226/226 MP: 13/40
 51751 | D:$      | Escaped with the Orb!

Illustrated notes

Levels and vault maps discovered:
D:1:      nzn_arrival_water_spiral, layout_loops_ring
D:2:      layout_basic, basic_altar, kennysheep_generic_room_4, uniq_natasha,
          uniq_jessica
D:3:      layout_loops_corners, hellmonk_ecumenical_altar_inner_sanctum
D:4:      layout_gridville, uniq_sigmund
D:5:      layout_basic, grunt_qazlal_sundering, nicolae_overflow_crystal_walls,
          grunt_decor_one_mirror
D:6:      cheibrodos_fzero, layout_loops_ring, mainiacjoe_overflow_tiny_flanked,
          grunt_ashenzari_visionary [grunt_ashenzari_visionary_shoals,
          grunt_ashenzari_visionary_spider], enter_ossuary_2, uniq_blork_the_orc
D:7:      layout_cave_pools, minmay_temple_entry_sparse_star, serial_shops,
          nicolae_square_shop, nicolae_shop_overcharged_wands
D:8:      layout_cave_pools, kennysheep_little_box, enter_bailey_5
D:9:      layout_roguey, lemuel_tele_altar, mainiacjoe_overflow_alcove_4,
          amcnicky_altar_gilded, nicolae_sif_muna_little_library,
          mainiacjoe_overflow_alcove_1, grunt_lair_entry_orc_guard_hut
D:10:     layout_basic, mainiacjoe_overflow_large_starburst, orc_david_3,
          columned_hall_lemuel, grunt_ministairs_9, minmay_misc_feat_ornament,
          hangedman_ranch, uniq_josephine
D:11:     layout_roguey, serial_shops, bzr_entry_lakeside, okawaru_humans
D:12:     layout_long_grid, serial_shops, shop, serial_bayou_pond_a
D:13:     layout_stronghold, lightli_vaults_fourway_checkpoint, serial_shops,
          shop, shop, shop, nicolae_diamond_shop, shop
D:14:     layout_cave_pools, serial_column_ruins, column_ruins_columns_straight,
          column_ruins_corridor_dead_end, column_ruins_columns_straight,
          column_ruins_open_small_water, column_ruins_columns_T, uniq_roxanne
D:15:     grunt_enter_depths_giant_problem, layout_loops_ring, uniq_kirke,
          uniq_nessos, uniq_agnes
Temple:   compressed_dpeg_circular_temple
Lair:1:   layout_loops_ring, lemuel_fruit_fields
Lair:2:   layout_concentric_octagons, gammafunk_ghost_icy, worms_lemuel,
          uniq_urug
Lair:3:   layout_misc_corridors, minmay_shoals_entry_centaurs,
          nicolae_spider_entry_lesser_pyramids, special_room [special_room_bee],
          minivault_23, grunt_megastairs_3
Lair:4:   layout_misc_corridors, dpeg_slime_entry_enclosed
Lair:5:   evilmike_catoblepas_cave, layout_small_grid, minivault_27
Shoals:1: layout_shoals, nicolae_shoals_kraken_intersection
Shoals:2: layout_shoals, ebering_ghost_reflecting_pool, lemuel_centaur_altar
Shoals:3: layout_shoals, serial_shops, shop, ebering_ghost_gozag, uniq_ilsuiw,
          uniq_louise
Shoals:4: shoals_end_simple, layout_shoals, ebering_ghost_xom,
          nicolae_specific_store, nicolae_shoals_loop_pool
Spider:1: layout_spider_delve
Spider:2: layout_chambers, uniq_arachne
Spider:3: nicolae_spider_hilbert_zone_6 [nicolae_spider_hilbert_4_sides_1_open,
          nicolae_spider_hilbert_4_sides_1_open,
          nicolae_spider_hilbert_4_sides_1_open,
          nicolae_spider_hilbert_4_sides_1_open,
          nicolae_spider_hilbert_4_sides_1_open,
          nicolae_spider_hilbert_4_sides_1_open,
          nicolae_spider_hilbert_4_sides_1_open]
Spider:4: grunt_spider_rune_parallel, nicolae_spider_moth_buddies,
          uniq_bai_suzhen, uniq_aizul
Orc:1:    layout_caves, uniq_sonja, uniq_maurice, uniq_harold
Orc:2:    kennysheep_orc_mage_school, layout_caves, nicolae_orc_sculptors_studio
Elf:1:    layout_gridlike, hangedman_elven_crosses_minicolossus, uniq_azrael
Elf:2:    nicolae_elf_blades_splatter_lattice [grunt_blade_entry_basic],
          layout_geoelf_grid, serial_shops, shop, uniq_saint_roka
Elf:3:    minmay_elf_hall_four_x, layout_gridlike, nicolae_elf_deep_mausoleum
Vaults:1: v_misc_11, v_misc_22, nicolae_vaults_little_ls, v_misc_32,
          vaults_room_pool, nicolae_vaults_more_shelving_2,
          ontoclasm_vaults_twist, nicolae_vaults_taking_the_gang_shopping,
          vaults_mumra_hex, layout_vaults_quadrants, serial_shops,
          nicolae_shop_tiny_waterfront, nicolae_shop_advertising_works
          [nicolae_subvault_shop_adworks], nicolae_shop_just_a_little_nook, shop
Vaults:2: hangedman_vaults_variations, v_alt_pattern_1, grunt_vaults_trifunnel,
          vaults_standard_mumra_enter_the_diamond, hangedman_vaults_snaps,
          nicolae_vaults_diamond_1, lemuel_ogre_cave,
          nicolae_vaults_tetromino_T_2, nicolae_vaults_little_squares_5,
          nicolae_vaults_storage_closets_1, v_misc_9, vaults_room_pool,
          layout_vaults_omnicross, dummy_crypt_entry
Vaults:3: nicolae_vaults_prndl, nicolae_vaults_meiosis, nicolae_vaults_two_Ls,
          nicolae_vaults_shipping_containers_2, nicolae_vaults_rhombus_6,
          layout_vaults_big_room
Vaults:4: nicolae_vaults_circle_grid_a, ontoclasm_vaults_hangar,
          nicolae_vaults_house_2, v_rooms_4, ontoclasm_vaults_eye,
          nicolae_vaults_corridor_and_loot_room, v_misc_17,
          dpeg_vaults_monster_row, v_misc_26, ontoclasm_vaults_misaligned,
          nicolae_vaults_network_quincunx
          [nicolae_vaults_network_quincunx_subvault,
          nicolae_vaults_network_quincunx_subvault,
          nicolae_vaults_network_quincunx_subvault,
          nicolae_vaults_network_quincunx_subvault,
          nicolae_vaults_network_quincunx_subvault], v_pattern_4,
          layout_vaults_omnibox, serial_shops, nicolae_shop_tiny_glass,
          uniq_margery
Vaults:5
Depths:1: layout_cave_pools, nemelex_diamond_rough_becter, hell_entry,
          serial_shops, nicolae_shop_stone, ashenzari_conservatory_becter
Depths:2: nicolae_cairo_tiling_large, layout_cave_shapes,
          rand_demon_pan_entry_7, lightli_too_deep, abyss_entry, basic_altar,
          serial_shops, shop, lemuel_statue_altar, kennysheep_random_hallway
Depths:3: nicolae_hexawheel, layout_cave_shapes, enter_ziggurat_c,
          rand_demon_pan_entry_3, grunt_hell_entry_dis_mu, minivault_11,
          abyss_entry
Depths:4: evilmike_zot_entry_diamond, layout_gridville, abyss_entry_flame_altar,
          pan_entry, nicolae_dithmenos_the_darkroom, hell_entry,
          serial_bayou_pond_d, serial_bayou_shore_b, minmay_shop_grove,
          uniq_jory, uniq_josephina
Zot:1:    layout_cathedral_of_symmetry
Zot:2:    layout_concentric_octagons, grunt_megastairs_4
Zot:3:    regret_index_zot_pan_timeshare, layout_onion, bh_zot_ikea_curve,
          st_single_dragon_hoard_3
Zot:4:    layout_concentric_octagons, ebering_ghost_inner_flame
Zot:5:    layout_gridlike, regret_index_zotdec_zees

Skill      XL: |  1  2  3  4  5  6  7  8  9 10 11 12 13 14 15 16 17 18 19 20 21 22 23 24 25 |
---------------+----------------------------------------------------------------------------+-----
Stealth        | 1 2 3 4 5 6 9 |  9.0
Fighting       | 3 4 5 6 8 9 10 11 12 13 14 15 16 17 18 19 20 21 22 | 22.4
Invocations    | 1 2 7 9 11 12 13 15 16 18 20 21 24 27 | 27.0
Throwing       | 2 4 6 |  6.0
Short Blades   | 3 4 6 7 8 10 11 14 15 16 | 16.0
Dodging        | 3 5 6 8 9 10 11 13 14 15 16 17 | 17.7
Shapeshifting  | 1 4 6 7 8 10 11 15 16 17 | 17.5
Evocations     | 1 |  1.0
Shields        | 3 5 7 9 10 12 13 14 16 | 16.2
Spellcasting   | 3 |  3.0
Translocations | 3 |  3.0

Action                     |  1- 3 |  4- 6 |  7- 9 | 10-12 | 13-15 | 16-18 | 19-21 | 22-24 | 25-27 || total
---------------------------+-------+-------+-------+-------+-------+-------+-------+-------+-------++-------
  Melee: Rapier            |    91 |   113 |   423 |   275 |   129 |       |       |       |       ||  1031
         Kick              |    15 |    31 |   141 |   114 |    88 |   527 |   605 |   862 |   289 ||  2672
         Dagger            |     1 |     5 |    19 |       |       |       |       |       |       ||    25
         Quick blade       |       |       |       |       |   597 |  1114 |  1128 |  1401 |   475 ||  4715
         Maw               |       |       |       |       |   273 |   113 |       |       |       ||   386
  Throw: Throwing net      |     2 |     2 |     3 |     1 |       |     1 |       |     1 |       ||    10
         Dart              |       |     4 |    27 |    22 |    45 |    18 |     2 |     1 |       ||   119
         Javelin           |       |       |     3 |     2 |    14 |     5 |       |       |       ||    24
 Invoke: Recruit Apostle   |       |       |     2 |     2 |     1 |     3 |     3 |     3 |       ||    14
         Recall Apostles   |       |       |       |     5 |     9 |    10 |     8 |     3 |     1 ||    36
         Smiting           |       |       |       |     4 |    24 |    23 |    20 |    13 |     5 ||    89
         Dismiss Apostle   |       |       |       |     1 |     1 |     3 |     3 |     3 |       ||    11
         Blood for Blood   |       |       |       |       |       |     1 |     1 |       |     1 ||     3
  Evoke: Wand              |       |       |       |    19 |     7 |    20 |     4 |     1 |     4 ||    55
         Lightning rod     |       |       |       |     5 |     6 |     6 |     4 |     3 |       ||    24
         Condenser vane    |       |       |       |     1 |     3 |     3 |     3 |     1 |     1 ||    12
         Sack of spiders   |       |       |       |       |       |       |     2 |     2 |       ||     4
         Phantom mirror    |       |       |       |       |       |       |     2 |     1 |     1 ||     4
    Use: Scroll            |     2 |     5 |    12 |     2 |    14 |     8 |    11 |     5 |     2 ||    61
         Potion            |     1 |     1 |    10 |     5 |     2 |     6 |     6 |       |     4 ||    35
   Stab: Sleeping          |     7 |     3 |     6 |    16 |     6 |     7 |     3 |    12 |       ||    60
         Held in net/web   |     1 |       |       |       |       |     3 |       |     3 |       ||     7
         Distracted        |       |     1 |     4 |     8 |    17 |    23 |    31 |    37 |     8 ||   129
         Invisible         |       |       |     5 |       |       |     5 |       |       |       ||    10
         Betrayed ally     |       |       |       |     1 |       |       |       |       |       ||     1
         Confused          |       |       |       |       |     4 |     3 |     2 |       |       ||     9
         Petrified         |       |       |       |       |       |       |       |     2 |       ||     2
         Petrifying        |       |       |       |       |       |       |       |     3 |       ||     3
 Armour: Leather armour    |    34 |    58 |   224 |       |       |       |       |       |       ||   316
         Robe              |       |       |    26 |   170 |    86 |       |       |       |       ||   282
         Skin              |       |       |     9 |    65 |   163 |   522 |   336 |   308 |   138 ||  1541
  Dodge: Dodged            |    42 |    84 |   469 |   291 |   367 |   739 |   546 |   623 |   258 ||  3419
         Repelled          |       |     2 |     1 |     1 |    18 |    34 |    48 |    74 |    17 ||   195
  Block: Buckler           |       |       |       |       |    49 |   261 |   269 |   120 |       ||   699
         Kite shield       |       |       |       |       |       |       |       |   542 |   306 ||   848
         Reflection        |       |       |       |       |       |       |       |    10 |     4 ||    14
   Form: Beast             |       |       |     1 |       |       |       |       |       |       ||     1
         Maw               |       |       |       |       |     2 |       |       |       |       ||     2
                           |       |       |       |       |     1 |     1 |       |       |       ||     2
         Statue            |       |       |       |       |       |     2 |       |       |       ||     2

Table legend: (Time is in decaauts)
 A = Elapsed time spent in this place.
 B = Non-inter-level travel time spent in this place.
 C = Inter-level travel time spent in this place.
 D = Time resting spent in this place.
 E = Time spent auto-exploring this place.
 F = Levels seen in this place.
 G = Mean time per level.
                   A        B        C        D        E       F      G
               +--------+--------+--------+--------+--------+-----+--------+
         Total |  63393 |  52797 |  10596 |    859 |  36960 |  52 | 1219.1 |
       Dungeon |  16998 |  12942 |   4056 |    598 |   8751 |  15 | 1133.2 |
        Temple |      1 |      1 |      0 |      0 |      0 |   1 |    1.0 |
          Lair |   6005 |   4924 |   1081 |      0 |   3760 |   5 | 1201.0 |
        Shoals |   4319 |   3905 |    414 |      0 |   2349 |   4 | 1079.8 |
   Spider Nest |   4608 |   4205 |    403 |    100 |   2608 |   4 | 1152.0 |
  Orcish Mines |   2122 |   1199 |    923 |      0 |    862 |   2 | 1061.0 |
   Elven Halls |   4964 |   4004 |    960 |    150 |   2806 |   3 | 1654.7 |
        Vaults |   9679 |   8338 |   1341 |     10 |   6098 |   5 | 1935.8 |
        Depths |   5482 |   4807 |    675 |      0 |   3583 |   4 | 1370.5 |
           Zot |   8551 |   7811 |    740 |      0 |   5970 |   5 | 1710.2 |
         Abyss |      4 |      4 |      0 |      0 |      0 |   1 |    4.0 |
        Bazaar |     74 |     74 |      0 |      0 |     37 |   1 |   74.0 |
       Ossuary |    391 |    391 |      0 |      0 |    133 |   1 |  391.0 |
        Bailey |    189 |    189 |      0 |      0 |      0 |   1 |  189.0 |
               +--------+--------+--------+--------+--------+-----+--------+

Top non-repeatable levels by time:
Vaults:1: 2781 daAuts
    D:10: 2499 daAuts
   Zot:4: 2282 daAuts
Vaults:2: 2038 daAuts
   Zot:2: 1852 daAuts
Vaults:4: 1772 daAuts
   Elf:3: 1693 daAuts
Vaults:5: 1641 daAuts
   Elf:1: 1639 daAuts
   Elf:2: 1632 daAuts
Depths:3: 1611 daAuts
Depths:2: 1603 daAuts
Spider:4: 1598 daAuts
   Zot:1: 1567 daAuts
Spider:2: 1474 daAuts
